 Dungeon Crawl Stone Soup version 0.31-a0-960-g0fca184906 (webtiles) character file.

Game seed: 636726559043171750

366 lunkers the Ruffian (level 7, -4/52 HPs)
             Began as a Meteoran Shapeshifter on Oct 23, 2023.
             Was a Believer of Qazlal.
             Slain by Pikel
             ... wielding a +1 whip of flaming
              (10 damage)
             ... on level 4 of the Dungeon.
             The game lasted 00:04:13 (1359 turns).

lunkers the Ruffian (Meteoran Shapeshifter)         Turns: 1359, Time: 00:04:13

Health: -4/52      AC:  2    Str: 17    XL:     7   Next: 21%
Magic:  8/8        EV: 12    Int: 12    God:    Qazlal [**....]
Gold:   237        SH:  3    Dex: 14    Spells: 6/6 levels left

rFire   . .          .
                       - Unarmed
rCold   + . .        (no shield)
rNeg    . . .        a - +0 animal skin
rPois   .            (helmet currently unavailable)
rElec   .            (cloak currently unavailable)
rCorr   .            (gloves currently unavailable)
SInv    .            (boots currently unavailable)
Will    +....        (no amulet)
Stlth   +            n - ring of willpower
HPRegen 0.28/turn    l - ring of protection from cold
MPRegen 0.11/turn

%: no passive effects
@: beast-form, glowing
A: beast (slay +3), sense surroundings 1, otherworldly, glowing, explore regen
a: Begin Untransformation, Renounce Religion, Upheaval


You were on level 4 of the Dungeon.
You worshipped Qazlal.
Qazlal was pleased with you.
You were a hulking beast.
You visited 1 branch of the dungeon, and saw 4 of its levels.

You collected 237 gold pieces.

Inventory:

Armour
 a - a +0 animal skin (worn)
Jewellery
 l - a ring of protection from cold (right hand)
 n - a ring of willpower (left hand)
Talismans
 c - a beast talisman
 d - a flux talisman
Wands
 b - a wand of digging (4)
 q - a wand of charming (10)
 w - a wand of polymorph (12)
Scrolls
 e - a scroll of identify {unknown}
 h - a scroll of amnesia {unknown}
 j - a scroll of enchant armour {unknown}
 o - a scroll of enchant weapon {unknown}
 p - a scroll of immolation {unknown}
 r - a scroll of teleportation {unknown}
 s - a scroll of poison {unknown}
 u - a scroll of fog {unknown}
 v - a scroll of fear {unknown}
Potions
 f - 2 potions of enlightenment {unknown}
 g - 4 potions of haste {unknown}
 i - 2 potions of curing {unknown}
 k - a potion of brilliance {unknown}
 m - a potion of attraction {unknown}
 t - 3 potions of heal wounds {unknown}


   Skills:
 - Level 1.1 Fighting
 - Level 2.1 Dodging
 * Level 7.4 Unarmed Combat
 + Level 5.5 Shapeshifting


You had 6 spell levels left.
You didn't know any spells.
Your spell library was empty.

Dungeon Overview and Level Annotations

Branches:
Dungeon (4/15) Zot: 1056
 Temple: D:4-7

Altars:
Qazlal

Shops:
D:4 (

Annotations:
D:4 Pikel


Innate Abilities, Weirdness & Mutations

You are a hulking beast.
Your limbs bulge with bestial killing power. (Slay +3)
You passively map a small area around you.
You are easily found by Zot.
You glow in the dark.
You regain HP and MP as you explore.


Message History

The lemure barely misses you.
You barely miss the lemure.
The lemure is almost dead.
The lemure hits you!
* * * LOW HITPOINT WARNING * * *
You closely miss the lemure.
The lemure is almost dead.
The lemure barely misses you.
Unknown command.
You hit the lemure.
The lemure is almost dead.
The lemure hits you.
* * * LOW HITPOINT WARNING * * *
Unknown command.
You hit the lemure.
You kill the lemure!
That felt strangely unrewarding.
Unknown command.
You closely miss Pikel.
Unknown command.
You hit Pikel.
Pikel is lightly wounded.
Pikel hits you with a +1 whip of flaming!
* * * LOW HITPOINT WARNING * * *
Pikel burns you.
* * * LOW HITPOINT WARNING * * *
You hit Pikel.
Pikel is lightly wounded.
Pikel hits you with a +1 whip of flaming!
* * * LOW HITPOINT WARNING * * *
Pikel burns you.
* * * LOW HITPOINT WARNING * * *
Okay, then.
Aiming: Polymorph
Press: ? - help, Shift-Dir - straight line, f - Pikel
Aim: Pikel, wielding a +1 whip of flaming and wearing a +1 robe of fire resistance (lightly wounded, will become a wyvern, a fire bat, or an ice beast, chance to affect: 49%) Pikel resists with some effort.
Pikel hits you with a +1 whip of flaming!
You die...
Pikel says, "See you in Hell!"

# * ###..., , * **
...... , #.### ....#* *,
*#### ##.. .##....##*
#.... .##.#*#.##....#
#..... ..##.* #.##....,
#5....# , * ..[##,
..##...##K5...# ,
.#..######.##.##h######
.##.....................
........................
#.......................
.............#..........
............###.........
,
............###.........
..........#.##..........
.........##>...#.#.....


You could see Pikel and 2 lemures.

Vanquished Creatures
  Grinder (D:4)
  2 lemures (D:4)
  An orc priest (D:3)
  Ijyb (D:3)
  Natasha (twice) (D:3)
  2 adders (D:2)
  A dart slug (D:1)
  4 orcs (D:3)
  3 endoplasms
  A giant cockroach (D:2)
  5 goblins
  5 hobgoblins
  4 quokkas
  4 ball pythons
  5 bats
  3 frilled lizards
  4 kobolds
  7 rats
55 creatures vanquished.

Notes
Turn   | Place    | Note
-------+----------+-------------------------------------------
     0 | D:1      | lunkers the Meteoran Shapeshifter began the quest for the
                  | Orb.
     0 | D:1      | Reached XP level 1. HP: 16/16 MP: 2/2
    83 | D:1      | Reached skill level 4 in Unarmed Combat
    83 | D:1      | Reached XP level 2. HP: 18/23 MP: 3/3
   296 | D:1      | Found a faded altar of an unknown god.
   300 | D:1      | Prayed at the altar of an unknown god.
   300 | D:1      | Became a worshipper of Qazlal Stormbringer
   300 | D:1      | Reached * piety under Qazlal
   440 | D:2      | Reached XP level 3. HP: 25/28 MP: 4/4
   531 | D:2      | Reached XP level 4. HP: 34/35 MP: 5/5
   587 | D:2      | Reached skill level 5 in Unarmed Combat
   779 | D:3      | Reached ** piety under Qazlal
   834 | D:3      | Reached XP level 5. HP: 24/40 MP: 6/6
   939 | D:3      | Noticed Ijyb
   941 | D:3      | Noticed Natasha
   943 | D:3      | Killed Ijyb
   949 | D:3      | Killed Natasha
   950 | D:3      | Reached skill level 6 in Unarmed Combat
  1026 | D:3      | Noticed Natasha
  1031 | D:3      | Killed Natasha
  1032 | D:3      | Reached XP level 6. HP: 47/47 MP: 7/7
  1075 | D:4      | Noticed Grinder
  1089 | D:4      | Killed Grinder
  1090 | D:4      | Reached skill level 7 in Unarmed Combat
  1090 | D:4      | Reached skill level 5 in Shapeshifting
  1090 | D:4      | Reached XP level 7. HP: 52/52 MP: 8/8
  1118 | D:4      | Found Emuraaz's Weapon Shop.
  1336 | D:4      | Noticed Pikel
  1359 | D:4      | Slain by Pikel

Illustrated notes

Levels and vault maps discovered:
D:1:      dpeg_arrival_fog, layout_basic, nicolae_ecumenical_lake_church
D:2:      layout_basic
D:3:      layout_basic, fedhas_altar_2, lemuel_round_altar, uniq_natasha,
          uniq_ijyb
D:4:      layout_basic, nicolae_uskayaw_dance_hall, serial_shops,
          nicolae_shop_advertising_works [nicolae_subvault_shop_adworks],
          minmay_parallelograms, uniq_blork_the_orc, uniq_grinder, uniq_pikel

Skill      XL: |  1  2  3  4  5  6 |
---------------+-------------------+-----
Unarmed Combat | 4 5 6 7 |  7.4
Shapeshifting  | 4 5 |  5.5
Fighting       | |  1.1
Dodging        | |  2.1

Action                     |  1- 3 |  4- 6 |  7- 9 || total
---------------------------+-------+-------+-------++-------
  Melee: Unarmed           |    53 |    70 |    20 ||   143
         Punch             |     1 |     2 |       ||     3
  Evoke: Wand              |       |       |     1 ||     1
    Use: Potion            |       |     1 |       ||     1
 Armour: Animal skin       |    19 |    21 |     9 ||    49
         Skin              |       |     6 |       ||     6
  Dodge: Dodged            |    42 |    48 |     8 ||    98
  Block: Other             |       |     9 |       ||     9

Table legend: (Time is in decaauts)
 A = Elapsed time spent in this place.
 B = Non-inter-level travel time spent in this place.
 C = Inter-level travel time spent in this place.
 D = Time resting spent in this place.
 E = Time spent auto-exploring this place.
 F = Levels seen in this place.
 G = Mean time per level.
                   A        B        C        D        E       F      G
               +--------+--------+--------+--------+--------+-----+--------+
         Total |   1342 |   1256 |     86 |     27 |    935 |   4 |  335.5 |
       Dungeon |   1342 |   1256 |     86 |     27 |    935 |   4 |  335.5 |
               +--------+--------+--------+--------+--------+-----+--------+

Top non-repeatable levels by time:
     D:1: 433 daAuts
     D:3: 320 daAuts
     D:2: 308 daAuts
     D:4: 280 daAuts
